 Dungeon Crawl Stone Soup version 0.22.1-1-ga44c0e5 (console) character file.

340 toffzen the Jinx (level 6, -30/41 HPs)
             Began as a Vampire Enchanter on Oct 18, 2018.
             Killed from afar by Robin (31 damage)
             ... with an exploding inner flame
             ... hexed by the player character
             ... on level 2 of the Dungeon.
             The game lasted 00:12:47 (3796 turns).

toffzen the Jinx (Vampire Enchanter)                Turns: 3796, Time: 00:12:47

Health: -30/41     AC:  7    Str:  7    XL:     6   Next: 30%
Magic:  3/11       EV: 12    Int: 20    God:
Gold:   81         SH:  0    Dex: 14    Spells: 5/11 levels left

rFire    . . .     SeeInvis +   a - +1 dagger
rCold    + + .     Gourm    .   (no shield)
rNeg     + + +     Faith    .   j - +2 leather armour {MR+}
rPois    ∞         Spirit   .   (no helmet)
rElec    .         Reflect  .   (no cloak)
rCorr    .         Harm     .   i - +0 pair of gloves
MR       +....                  h - +0 pair of boots
Stlth    +++++.....             (no amulet)
HPRegen  0.00/turn              k - +3 ring of slaying
MPRegen  0.12/turn              (no ring)

@: bloodless, non-regenerating
A: fangs 3, see invisible, unbreathing
a: Bat Form


You were on level 2 of the Dungeon.
You were bloodless.

You visited 1 branch of the dungeon, and saw 2 of its levels.

You collected 81 gold pieces.

Inventory:

Hand Weapons
 a - a +1 dagger (weapon)
 f - a +0 hunting sling
 p - a +2 falchion of freezing
Missiles
 c - 69 stones (quivered)
 g - 18 sling bullets
 m - 10 poisoned needles
Armour
 b - a +0 robe
 h - a +0 pair of boots (worn)
 i - a +0 pair of gloves (worn)
 j - a +2 leather armour of magic resistance (worn)
Jewellery
 k - a +3 ring of slaying (left hand)
Scrolls
 e - a scroll of magic mapping
 n - a scroll of identify
Potions
 d - 15 potions of blood
 l - a potion of brilliance
 o - a potion of curing


   Skills:
 - Level 1.1 Short Blades
 - Level 2.1 Dodging
 + Level 6.7 Stealth
 + Level 3.4 Spellcasting
 * Level 8.0 Hexes


You had 5 spell levels left.
You knew the following spells:

 Your Spells              Type           Power        Failure   Level  Hunger
a - Corona                Hex            #####..      1%          1    None
b - Ensorcelled Hibernat  Hex/Ice        ###...       6%          2    ##.....
c - Confuse               Hex            #####...     2%          3    ###....

Your spell library contained the following spells:

 Spells                   Type           Power        Failure   Level  Hunger
 Tukima's Dance           Hex            #####...     2%          3    ###....
 Dazzling Spray           Conj/Hex       ###...       12%         3    ###....


Dungeon Overview and Level Annotations

Branches:
Dungeon (2/15)

Altars:
Dithmenos
Makhleb
Xom

Annotations:
D:2 1 runed door


Innate Abilities, Weirdness & Mutations

You do not heal naturally.
You are immune to poison.
You have razor-sharp teeth.
You have supernaturally acute eyesight. (SInv)
You can survive without breathing.


Message History

As you read the scroll labeled WEUNIKKIRE, it crumbles to dust.
The creatures around you are filled with an inner flame!
It was a scroll of immolation.
The goblin hits you but does no damage. Robin hits you but does no damage.
The frilled lizard barely misses you.
You hit the goblin.
The goblin is severely wounded.
The goblin closely misses you. Robin misses you.
The frilled lizard barely misses you.
You hit the goblin.
The goblin explodes!
The fiery explosion engulfs you!
Ouch! That really hurt!
* * * LOW HITPOINT WARNING * * *
The fiery explosion engulfs the frilled lizard.
The frilled lizard explodes!
The fiery explosion engulfs Robin.
Robin explodes!
The fiery explosion engulfs you!
Ouch! That really hurt!
You die...

######### #.......#
..# ....##### ..#
.#### ..# ## #.# #
#.# #§# ##§## #@§§#
#§#§## ##§#..##
#§§§#..# #§#§#.#.#
.>.....§§._.§..#
..>...#.#§#?### ..
......#l§§## #...
......#§#§#
##...#####.#.###.#.#
...#..........##§§.#


There were no monsters in sight!

Vanquished Creatures
  Sigmund (D:2)
  A hound (D:2)
  An orc priest (D:2)
  A worker ant (D:2)
  3 adders (D:2)
  2 worms (D:2)
  A dart slug (D:2)
  4 orcs
  3 bats (D:1)
  2 giant cockroaches
  9 hobgoblins
  4 jackals
  A quokka (D:1)
  3 frilled lizards
  17 goblins
  3 kobolds
  4 rats
  A fungus (D:2)
61 creatures vanquished.

Notes
Turn   | Place    | Note
-------+----------+-------------------------------------------
     0 | D:1      | toffzen the Vampire Enchanter began the quest for the Orb.
     0 | D:1      | Reached XP level 1. HP: 13/13 MP: 3/3
   425 | D:1      | Reached XP level 2. HP: 19/19 MP: 5/5
   429 | D:1      | Learned a level 2 spell: Ensorcelled Hibernation
   641 | D:1      | Found a glowing golden altar of the Shining One.
   643 | D:1      | Found a bloodstained altar of Trog.
   643 | D:1      | Found a basalt altar of Yredelemnul.
   650 | D:1      | Reached skill level 5 in Hexes
   698 | D:1      | Found a shimmering altar of Xom.
   698 | D:1      | Found a glowing golden altar of the Shining One.
   698 | D:1      | Found a white marble altar of Elyvilon.
  1445 | D:2      | Reached skill level 5 in Stealth
  1505 | D:2      | Reached XP level 3. HP: 15/24 MP: 1/6
  1710 | D:2      | Noticed Sigmund
  1722 | D:2      | Reached skill level 6 in Hexes
  1764 | D:2      | Learned a level 3 spell: Confuse
  1767 | D:2      | Reached XP level 4. HP: 30/30 MP: 2/7
  2726 | D:2      | Found a runed door.
  2836 | D:2      | Reached XP level 5. HP: 35/35 MP: 6/9
  2892 | D:2      | Noticed Robin
  3597 | D:2      | Killed Sigmund
  3597 | D:2      | Reached skill level 7 in Hexes
  3597 | D:2      | Reached XP level 6. HP: 41/41 MP: 7/11
  3725 | D:2      | Found a burning altar of Makhleb.
  3728 | D:2      | Reached skill level 8 in Hexes
  3765 | D:2      | Found a shadowy altar of Dithmenos.
  3796 | D:2      | HP: 1/41 [goblin/exploding inner flame[the player
                  | character] (27)]
  3796 | D:2      | Killed Robin
  3796 | D:2      | Killed from afar by Robin

Skill      XL: |  1  2  3  4  5  6 |
---------------+-------------------+-----
Hexes          | 5 6 7 8 |  8.0
Stealth        | 5 6 |  6.7
Spellcasting   | 3 |  3.4
Short Blades   | |  1.1
Dodging        | |  2.1

Action                   |  1- 3 |  4- 6 || total
-------------------------+-------+-------++-------
Melee: Dagger            |    49 |    95 ||   144
       Bite              |     3 |     7 ||    10
Throw: Stone             |     6 |       ||     6
 Cast: Ensorcelled Hiber |    19 |    32 ||    51
       Confuse           |       |    14 ||    14
 Abil: End Transformatio |       |     1 ||     1
       Bat Form          |       |     1 ||     1
  Use: Scroll            |     3 |     4 ||     7
       Potion            |       |     1 ||     1
 Stab: Sleeping          |    20 |    21 ||    41
       Confused          |       |     2 ||     2
Armor: Robe              |     3 |       ||     3
       Leather armour    |     6 |    25 ||    31
Dodge: Dodged            |    25 |    48 ||    73
